 Dungeon Crawl Stone Soup version 0.26.0-91-g99b343417d (webtiles) character file.

Game seed: 17638550240911266249

25 Majorwet the Skirmisher (level 2, 0/36 HPs)
             Began as a Demonspawn Berserker on Feb 3, 2021.
             Was a Follower of Trog.
             Slain by a hobgoblin (1 damage)
             ... on level 2 of the Dungeon.
             The game lasted 00:01:13 (419 turns).

Majorwet the Skirmisher (Demonspawn Berserker)       Turns: 419, Time: 00:01:14

Health: 0/36       AC: 21    Str: 17    XL:     2   Next: 82%
Magic:  2/2        EV:  2    Int:  8    God:    Trog [*.....]
Gold:   51         SH:  0    Dex: 12    Spells: 1/1 levels left

rFire    . . .     SeeInvis .     - Unarmed
rCold    . . .     Faith    .   (no shield)
rNeg     + + +     Spirit   .   (armour currently unavailable)
rPois    +         Reflect  .   (helmet currently unavailable)
rElec    .         Harm     .   (cloak currently unavailable)
rCorr    .         Rampage  .   (gloves currently unavailable)
Will     .....     NoTele   +   (boots currently unavailable)
Stlth    +.........             (no amulet)
HPRegen  0.12/turn              (no ring)
MPRegen  0.08/turn              (no ring)

@: tree-form
A: no striking features
a: Renounce Religion, Berserk


You were on level 2 of the Dungeon.
You worshipped Trog.
Trog was aware of your devotion.
You were a tree.
You visited 1 branch of the dungeon, and saw 2 of its levels.

You collected 51 gold pieces.

Inventory:

Armour
 a - a +0 animal skin (melded)
Scrolls
 b - a scroll of blinking {unknown}
 c - a scroll of identify {unknown}
 f - a scroll of random uselessness {unknown}
Potions
 e - a potion of heal wounds {unknown}


   Skills:
 + Level 3.3 Fighting
 + Level 1.8 Armour
 + Level 2.1 Dodging
 + Level 3.1 Unarmed Combat


You had one spell level left.
You didn't know any spells.
Your spell library was empty.

Dungeon Overview and Level Annotations

Branches:
Dungeon (1/15)

Altars:
Wu Jian


Innate Abilities, Weirdness & Mutations

((Your flesh is cold resistant. (rC+)))


Message History

The hobgoblin hits you.
* * * LOW HITPOINT WARNING * * *
You hit the hobgoblin but do no damage.
The hobgoblin is severely wounded.
The hobgoblin barely misses you.
It was a potion of lignification.
You turn into a tree.
Your +0 animal skin melds into your body.
Your roots penetrate the ground.
You recover from your berserk rage.
The hobgoblin hits you but does no damage.
You barely miss the hobgoblin.
The hobgoblin is severely wounded.
The hobgoblin hits you but does no damage.
A hobgoblin is nearby!
The hobgoblin hits you.
* * * LOW HITPOINT WARNING * * *
You hit the hobgoblin but do no damage.
The hobgoblin is severely wounded.
The hobgoblin hits you.
You die...

#... # #.... #. #
#...# .###.## ....
......# #.g# ..... .#
#....###..##..# .#
......(...#♣..# .#
#.... #.g#..# .#
#.#.# ##.)#..# .#
#.#.# ##.#)#..# .#
#.#.###.##.#..# .##
#.#.##.##).#...
..####.#...######.##.
...........# ## .
.#########.#


You could see a hobgoblin.

Vanquished Creatures
  An adder (D:2)
  4 bats (D:1)
  2 giant cockroaches (D:1)
  A goblin (D:1)
  2 hobgoblins
  2 kobolds (D:2)
  A frilled lizard (D:1)
  2 rats (D:2)
15 creatures vanquished.

Vanquished Creatures (others)
  9 plants (D:1)
9 creatures vanquished.

Grand Total: 24 creatures vanquished

Notes
Turn   | Place    | Note
-------+----------+-------------------------------------------
     0 | D:1      | Majorwet the Demonspawn Berserker began the quest for the
                  | Orb.
     0 | D:1      | Reached XP level 1. HP: 18/18 MP: 1/1
   240 | D:1      | Gained mutation: Your flesh is cold resistant. (rC+)
                  | [demonic ancestry]
   240 | D:1      | Reached XP level 2. HP: 24/24 MP: 2/2
   261 | D:1      | You fall into a shaft and drop 1 floor!
   261 | D:2      | Found an ornate altar of the Wu Jian Council.
   414 | D:2      | HP: 1/24 [hobgoblin (4)]
   419 | D:2      | Slain by a hobgoblin

Illustrated notes

Levels and vault maps discovered:
D:1:      roderic_crop_circles_arrival_small, layout_basic,
          chequers_serial_rivers_micro_c
D:2:      layout_loops_ring, lemuel_round_altar,
          chequers_ecumenical_altar_simple, grunt_decor_resistance,
          minmay_cut_off

Skill      XL: |  1  2 |
---------------+-------+-----
Unarmed Combat | 3 |  3.1
Dodging        | 2 |  2.1
Fighting       | |  3.3
Armour         | |  1.8

Action                   || total
-------------------------++-------
Melee: Unarmed           ||    79
Invok: Berserk           ||     1
  Use: Potion            ||     1
Armor: Animal skin       ||    17
       Skin              ||     2
Dodge: Dodged            ||    53
